 Dungeon Crawl Stone Soup version 0.22-a0-425-g89d60a1 (webtiles) character file.

53 Jynxie the Slasher (level 3, 0/28 HPs)
             Began as a Demonspawn Gladiator on May 25, 2018.
             Succumbed to a worker ant's poison
             ... on level 2 of the Dungeon.
             The game lasted 00:01:49 (1289 turns).

Jynxie the Slasher (Demonspawn Gladiator)           Turns: 1289, Time: 00:01:49

Health: 0/28       AC:  6    Str: 14    XL:     3   Next: 64%
Magic:  3/3        EV: 11    Int:  9    God:
Gold:   43         SH:  0    Dex: 15    Spells: 2/2 levels left

rFire    . . .     SeeInvis .   a - +0 long sword
rCold    . . .     Gourm    .   (no shield)
rNeg     . . .     Faith    .   k - +0 ring mail
rPois    .         Spirit   .   c - +0 helmet
rElec    .         Reflect  .   (no cloak)
rCorr    .         Harm     .   (no gloves)
MR       .....                  (no boots)
Stlth    ++........             (no amulet)
HPRegen  0.09/turn              (no ring)
MPRegen  0.08/turn              (no ring)

@: lethally poisoned (0 -> -8)
A: claws 1, nightstalker 1
a: no special abilities


You were on level 2 of the Dungeon.
You were not hungry.

You visited 1 branch of the dungeon, and saw 2 of its levels.

You collected 43 gold pieces.

Inventory:

Hand Weapons
 a - a +0 long sword (weapon)
Missiles
 d - 3 throwing nets (quivered) {!f}
Armour
 b - a +0 leather armour
 c - a +0 helmet (worn)
 k - a +0 ring mail (worn)
   (You found it on level 1 of the Dungeon)
Scrolls
 f - a scroll of teleportation {unknown}
 g - 3 scrolls of identify {unknown}
 i - a scroll of amnesia {unknown}
 l - a scroll of blinking {unknown}
Potions
 h - 2 potions of heal wounds {unknown}
 j - a potion of might {unknown}
 m - a potion of curing {unknown}
Comestibles
 e - 2 rations {!d}


   Skills:
 + Level 2.8 Fighting
 * Level 3.8 Long Blades
 - Level 1.7 Throwing
 - Level 2.6 Dodging


You had 2 spell levels left.
You didn't know any spells.
Your spell library was empty.

Dungeon Overview and Level Annotations

Branches:
Dungeon (2/15)

Altars:


Innate Abilities, Weirdness & Mutations

You have sharp fingernails.
You are slightly more attuned to the shadows.


Message History

You start resting.
You feel sick. x3
You are no longer poisoned.
You now have 43 gold pieces (gained 18).
You start resting.
Found a scroll labeled COWNIOSHRUTA.
A bat comes into view.
A bat is nearby!
You hit the bat.
You kill the bat!
No target in view!
No target in view!
i - a scroll labeled COWNIOSHRUTA
Found 13 gold pieces.
A worker ant comes into view.
A worker ant is nearby!
Found a stone staircase leading up.
You closely miss the worker ant. The worker ant closely misses you.
The worker ant bites you.
You hit the worker ant.
The worker ant bites you but does no damage.
You hit the worker ant. The worker ant misses you.
You riposte.
You closely miss the worker ant. The worker ant bites you.
You hit the worker ant but do no damage.
The worker ant barely misses you.
Your ring mail prevents you from hitting the worker ant.
The worker ant misses you. The worker ant bites you.
You barely miss the worker ant.
The worker ant bites you but does no damage.
You barely miss the worker ant. The worker ant bites you.
The worker ant completely misses you.
You riposte.
You hit the worker ant. You hit the worker ant.
The worker ant waves its antennae.
The worker ant bites you but does no damage.
You closely miss the worker ant. The worker ant bites you.
* * * LOW HITPOINT WARNING * * *
You are poisoned.
The worker ant poisons you!
You are too injured to fight recklessly!
You are too injured to fight recklessly!
You are too injured to fight recklessly!
You barely miss the worker ant.
You feel sick. The worker ant bites you.
* * * LOW HITPOINT WARNING * * *
The worker ant closely misses you.
You closely miss the worker ant.
* * * LOW HITPOINT WARNING * * *
You feel sick. The worker ant bites you.
* * * LOW HITPOINT WARNING * * *
You closely miss the worker ant.
You die...

.#... ## ...# #.....# . ..#
##.<...## #. #.# #.......#
#.##.# #.......# # #....#
########.......# #.####..#
#.........a....# #...<.)..
#........@.....# #......##
#.....$.........# #.#.##.##
#................##.#.##...
#..##.#..###.###. .....#.##
#..#..#..# .# #.#..#.##
#........# .# #.#......
#........# # #......##
####.##### ###..### #.#
#.##


You could see a worker ant.

Vanquished Creatures
  2 adders (D:2)
  A dart slug (D:2)
  A giant cockroach (D:1)
  4 goblins
  7 hobgoblins (D:1)
  2 jackals (D:1)
  A ball python (D:1)
  7 bats
  2 frilled lizards (D:1)
  A kobold (D:1)
  4 rats (D:1)
32 creatures vanquished.

Notes
Turn   | Place    | Note
-------+----------+-------------------------------------------
     0 | D:1      | Jynxie the Demonspawn Gladiator began the quest for the Orb.
     0 | D:1      | Reached XP level 1. HP: 16/16 MP: 1/1
    82 | D:1      | Reached skill level 3 in Long Blades
    87 | D:1      | Gained mutation: You have sharp fingernails. [demonic ancestry]
    87 | D:1      | Reached XP level 2. HP: 11/22 MP: 2/2
   852 | D:1      | Gained mutation: You are slightly more attuned to the shadows. [demonic ancestry]
   852 | D:1      | Reached XP level 3. HP: 28/28 MP: 3/3
  1288 | D:2      | HP: 1/28 [worker ant (5)]
  1289 | D:2      | Succumbed to a worker ant's poison

Vault maps used:
D:1:      lemuel_arrival_hallway

Skill      XL: |  1 |
---------------+----+-----
Long Blades    | 3 |  3.8
Fighting       | |  2.8
Throwing       | |  1.7
Dodging        | |  2.6

Action                   || total
-------------------------++-------
Melee: Long sword        ||   112
 Stab: Sleeping          ||     2
  Eat: Chunk             ||     1
Armor: Leather armour    ||    35
       Ring mail         ||    23
Dodge: Dodged            ||   103
       Rpst.: Long sword ||    35

Table legend:
 A = Spawn XP
 B = Non-spawn XP
 C = Spawn XP percentage of total XP
 D = Spawn monster count
 E = Non-spawn monster count
 F = Spawn count percentage of total count
 G = Total turns spent on level
                    A         B        C        D         E        F      G
               +---------+---------+-------+---------+---------+-------+---------
         Total |       0 |      77 |   0.0 |       0 |      32 |   0.0 |  1289
               +---------+---------+-------+---------+---------+-------+---------
           D:1 |       0 |      43 |   0.0 |       0 |      27 |   0.0 |   905
           D:2 |       0 |      34 |   0.0 |       0 |       5 |   0.0 |   384
               +---------+---------+-------+---------+---------+-------+---------
